 Dungeon Crawl Stone Soup version 0.19-a0-1903-gead39cf (webtiles) character file.

6879 LORDOFBUTT the Cleaver (level 10, -14/88 HPs)
             Began as a Minotaur Fighter on Oct 20, 2016.
             Was an Initiate of Gozag.
             Demolished by darthinebriated's ghost (32 damage)
             ... on level 9 of the Dungeon.
             The game lasted 00:10:27 (8141 turns).

LORDOFBUTT the Cleaver (Minotaur Fighter)           Turns: 8141, Time: 00:10:27

Health: -14/88     AC: 10    Str: 30    XL:     10   Next: 78%
Magic:  9/9        EV: 15    Int:  5    God:    Gozag
Gold:   1273       SH: 12    Dex:  9    Spells: 0 memorised, 9 levels left

rFire  . . .     SeeInvis .     a - +1 war axe
rCold  + . .     Gourm    .     b - +0 scale mail
rNeg   . . .     Faith    .     c - +0 shield
rPois  +         Spirit   .     (helmet restricted)
rElec  +         Reflect  .     I - +1 cloak of Starlight {rElec rC+ EV+4 Stlth--}
rCorr  .         Harm     +     (no gloves)
MR     +....                    (no boots)
Stlth  ..........               q - amulet of harm
                                k - ring of poison resistance
                                O - ring of protection from magic

@: mighty
A: retaliatory headbutt, horns 2
a: Potion Petition, Call Merchant, Bribe Branch, Renounce Religion


You were on level 9 of the Dungeon.
You worshipped Gozag.
Gozag was most pleased with you.
You were not hungry.

You visited 1 branch of the dungeon, and saw 10 of its levels.

You collected 1863 gold pieces.
You paid 590 gold pieces to Gozag.

Inventory:

Hand Weapons
 a - a +1 war axe (weapon)
Armour
 b - a +0 scale mail (worn)
 c - a +0 shield (worn)
 I - the +1 cloak of Starlight (worn) {rElec rC+ EV+4 Stlth--}
   (You found it on level 8 of the Dungeon)

   It affects your evasion (+4).
   It protects you from cold.
   It insulates you from electricity.
   It makes you much less stealthy.
Jewellery
 j - an uncursed ring of magical power
 k - a ring of poison resistance (right hand)
 q - an amulet of harm (around neck)
 u - an uncursed ring of protection from fire
 y - an uncursed ring of positive energy {unknown}
 z - an uncursed ring of magical power
 L - an uncursed ring of ice {unknown}
 O - a ring of protection from magic (left hand)
Wands
 f - a wand of flame (18/48)
 A - a wand of paralysis (16/24)
 R - a wand of slowing (18/48)
Scrolls
 i - a scroll of fear
 l - 4 scrolls of remove curse
 v - a scroll of enchant weapon
 w - a scroll of acquirement {unknown}
 B - a scroll of teleportation
 D - a scroll of brand weapon {unknown}
 H - a scroll of magic mapping {unknown}
 J - a scroll of recharging
 M - a scroll of identify
 N - a scroll of enchant armour {unknown}
Potions
 d - a potion of cure mutation
 e - 4 potions of brilliance
 g - 8 potions of curing
 h - a potion of mutation {unknown}
 m - 4 potions of resistance
 o - 2 potions of haste
 p - a potion of lignification {unknown}
 r - 3 potions of degeneration {unknown}
 s - 2 potions of flight {unknown}
 t - a potion of heal wounds {unknown}
 G - a potion of invisibility {unknown}
Books
 x - a book of Changes

   Spells                             Type                      Level
   a - Beastly Appendage              Transmutation                1
   b - Sticks to Snakes               Transmutation                2
   c - Spider Form                    Transmutation/Poison         3
   d - Ice Form                       Ice/Transmutation            4
   e - Blade Hands                    Transmutation                5
 K - a book of Minor Magic

   Spells                             Type                      Level
   a - Magic Dart                     Conjuration                  1
   b - Blink                          Translocation                2
   c - Call Imp                       Summoning                    2
   d - Repel Missiles                 Charms/Air                   2
   e - Slow                           Hexes                        2
   f - Conjure Flame                  Conjuration/Fire             3
   g - Mephitic Cloud                 Conjuration/Poison/Air       3
Comestibles
 n - 4 meat rations
 C - 3 beef jerkies
 E - 4 bread rations
 F - 2 fruits
 Q - a slice of pizza


   Skills:
 + Level 8.2 Fighting
 + Level 12.4 Axes
 + Level 9.4 Armour
 + Level 4.7 Dodging
 + Level 2.7 Stealth
 + Level 8.9 Shields


You had 9 spell levels left.
You didn't know any spells.

Dungeon Overview and Level Annotations

Branches:
Dungeon (10/15)            Temple (0/1) D:4            Lair (0/6) D:8
    Orc: D:9-12

Altars:
Cheibriados
Dithmenos
Elyvilon
Gozag
Kikubaaqudgha
Okawaru
Ru
Sif Muna
Yredelemnul
The Shining One
Beogh

Shops:
D:6 ?

Annotations:
D:9 darthinebriated's ghost, journeyman HOBe


Innate Abilities, Weirdness & Mutations

You reflexively headbutt those who attack you in melee.
You have a pair of horns on your head.


Message History

Darthinebriated's ghost is almost destroyed.
Darthinebriated's ghost closely misses you.
Your shield and scale mail prevent you from hitting darthinebriated's ghost.
You headbutt darthinebriated's ghost, but do no damage.
Darthinebriated's ghost is almost destroyed.
Darthinebriated's ghost stares at you.
Darthinebriated's ghost barely misses you.
You furiously retaliate!
You headbutt darthinebriated's ghost, but do no damage.
You closely miss darthinebriated's ghost.
You headbutt darthinebriated's ghost, but do no damage.
Darthinebriated's ghost is almost destroyed.
Darthinebriated's ghost screams in joy, "As in life, so in death: Kill!
Kill!!
Kill!!!"
Darthinebriated's ghost hits you!! Darthinebriated's ghost burns you!
* * * LOW HITPOINT WARNING * * *
You barely miss darthinebriated's ghost.
Darthinebriated's ghost is almost destroyed.
Darthinebriated's ghost hits you!!
You die...
Your body crumbles into a pile of gold.

#.#.###.#####.......###.
#.#..##..............#..
#.##.##.....)..........#
#.....#.........#####.##
#.#.#.#.[.......# ##...#
#...............# #..#..
#.#.#...........# #.###.
#.....W.######### #..#..
#......@# ##...#
######### #####


You could see darthinebriated's ghost.

Vanquished Creatures
  Pikel (D:6)
  A troll (D:9)
  The ghost of Sestren413 the Sneak, an amateur NaFi (D:5)
  A hornet (D:9)
  Grinder (D:5)
  A yak (D:7)
  Eustachio (D:5)
  A human (D:7)
  A hungry ghost (D:8)
  3 hogs (D:7)
  Menkaure (D:4)
  Edmund (D:5)
  Duvessa (D:4)
  A black bear (D:8)
  4 ice beasts
  A sky beast (D:6)
  5 orc warriors
  An eye of draining (D:9)
  2 phantoms
  A slave (D:6)
  4 ogres
  4 centaurs
  A crocodile (D:9)
  A big kobold (D:8)
  4 bullfrogs
  Dowan (D:4)
  3 scorpions
  4 howler monkeys
  7 wights (D:9)
  2 crimson imps
  A quasit (D:8)
  A bullfrog zombie (D:6)
  A centaur zombie (D:9)
  A jelly (D:7)
  2 hounds
  3 orc priests
  Terence (D:3)
  An iguana (D:4)
  9 orc wizards
  14 worker ants
  2 hound zombies
  A hound skeleton (D:9)
  A worker ant zombie (D:9)
  11 adders
  11 gnolls
  5 shadow imps
  An adder zombie (D:6)
  2 adder skeletons
  A worm (D:2)
  3 dart slugs
  8 leopard geckos
  27 orcs
  5 bats
  5 giant cockroaches
  7 goblins
  2 hobgoblins
  13 jackals
  2 quokkas
  2 ball pythons (D:3)
  6 frilled lizards
  13 kobolds
  A kobold zombie (D:6)
  A quokka skeleton (D:8)
  A quokka zombie (D:5)
  7 rats
233 creatures vanquished.

Vanquished Creatures (others)
  A sky beast (D:6)
  2 slaves (D:6)
  A bullfrog (D:6)
  A leopard gecko (D:6)
  2 orcs (D:6)
7 creatures vanquished.

Grand Total: 240 creatures vanquished

Notes
Turn   | Place    | Note
-------+----------+-------------------------------------------
     0 | D:1      | LORDOFBUTT the Minotaur Fighter began the quest for the Orb.
     0 | D:1      | Reached XP level 1. HP: 19/19 MP: 0/0
    84 | D:1      | Reached XP level 2. HP: 9/27 MP: 1/1
   563 | D:2      | Reached XP level 3. HP: 33/33 MP: 2/2
   754 | D:2      | Reached skill level 3 in Axes
   798 | D:2      | Found an opulent altar of Gozag.
   855 | D:2      | Became a worshipper of Gozag Ym Sagoz the Greedy
  1310 | D:3      | Found an iron altar of Okawaru.
  1371 | D:3      | Found a glowing golden altar of the Shining One.
  1410 | D:3      | Reached XP level 4. HP: 40/40 MP: 3/3
  1568 | D:3      | Noticed Terence
  1573 | D:3      | Killed Terence
  1573 | D:3      | Reached skill level 4 in Axes
  1682 | D:3      | Reached XP level 5. HP: 36/46 MP: 4/4
  2068 | D:4      | Reached skill level 5 in Armour
  2156 | D:4      | Found a staircase to the Ecumenical Temple.
  2156 | D:4      | Noticed Menkaure
  2163 | D:4      | Killed Menkaure
  2163 | D:4      | Reached skill level 1 in Dodging
  2163 | D:4      | Reached skill level 5 in Shields
  2163 | D:4      | Reached XP level 6. HP: 26/53 MP: 5/5
  2347 | D:4      | Found an ancient bone altar of Kikubaaqudgha.
  2388 | D:4      | Reached skill level 5 in Axes
  2487 | D:4      | Found a sacrificial altar of Ru.
  2487 | D:4      | Found a snail-covered altar of Cheibriados.
  2554 | D:4      | Found a basalt altar of Yredelemnul.
  2679 | D:4      | Found a white marble altar of Elyvilon.
  2681 | D:4      | Noticed Duvessa
  2681 | D:4      | Noticed Dowan
  2694 | D:4      | Killed Duvessa
  2696 | D:4      | Killed Dowan
  2696 | D:4      | Reached XP level 7. HP: 34/60 MP: 6/6
  2830 | D:5      | Entered Level 5 of the Dungeon
  2866 | D:5      | Noticed Sestren413's ghost (amateur NaFi)
  2869 | D:5      | Noticed Edmund
  2899 | D:5      | Killed Edmund
  2899 | D:5      | Reached skill level 6 in Axes
  2935 | D:4      | Reached skill level 5 in Fighting
  3603 | D:5      | Noticed Grinder
  3619 | D:5      | Paralysed by Grinder for 7 turns
  3626 | D:5      | Killed Grinder
  3881 | D:5      | Reached XP level 8. HP: 65/68 MP: 7/7
  4151 | D:5      | Reached skill level 7 in Axes
  4189 | D:5      | Killed Sestren413's ghost
  4189 | D:5      | Reached skill level 1 in Stealth
  4503 | D:5      | Noticed Eustachio
  4516 | D:5      | Killed Eustachio
  4516 | D:5      | Reached skill level 8 in Axes
  4605 | D:6      | Found a deep blue altar of Sif Muna.
  4711 | D:6      | Found Xopigasch's Magic Scroll Shoppe.
  4769 | D:6      | Noticed Pikel
  4787 | D:6      | Killed Pikel
  4787 | D:6      | Reached skill level 9 in Axes
  4787 | D:6      | Reached XP level 9. HP: 15/75 MP: 8/8
  5143 | D:6      | Reached skill level 10 in Axes
  6210 | D:7      | Reached XP level 10. HP: 70/86 MP: 9/9
  6219 | D:7      | Reached skill level 11 in Axes
  6751 | D:8      | Found a staircase to the Lair.
  7193 | D:8      | Found a shadowy altar of Dithmenos.
  7611 | D:9      | Reached skill level 12 in Axes
  7626 | D:9      | Found a roughly hewn altar of Beogh.
  7666 | D:9      | Noticed darthinebriated's ghost (journeyman HOBe)
  7867 | D:10     | Entered Level 10 of the Dungeon
  8141 | D:9      | Demolished by darthinebriated's ghost

Vault maps used:
D:1:      kennysheep_arrival_seaside, minivault_27
D:2:      grunt_gozag_statues
D:3:      okawaru_metal_pillars_1_2, lemuel_doored_altar, first_bread,
          minmay_misc_feat_iff, uniq_terence
D:4:      kennysheep_ying_yang, lemuel_zombie_altar_kikubaaqudgha,
          nicolae_overflow_hidden_temple, gammafunk_temple_overflow_wave,
          uniq_menkaure, uniq_duvessa
D:5:      serial_park_tiny_pond, hangedman_abyss_or_decor_lesser_grid,
          minmay_misc_feat_rows, lightli_corner_chamber, uniq_edmund,
          uniq_grinder, uniq_eustachio
D:6:      enter_ossuary_3, serial_shops, shop, basic_altar, nrook_loot_triangle,
          uniq_pikel
D:7:      grunt_livestock
D:8:      kennysheep_ambush_hall, nicolae_dithmenos_through_a_glass_darkly
D:9:      david_orc_5, serial_glass, glass_columns_a, glass_columns_a,
          due_unseen_surprise, minmay_strange_pillars
D:10:     nicolae_trove_entry_path_of_doom

Skill      XL: |  1  2  3  4  5  6  7  8  9 10 |
---------------+-------------------------------+-----
Armour         | 4 5 6 8 9 |  9.4
Shields        | 4 5 6 7 8 |  8.9
Fighting       | 4 5 6 7 8 |  8.2
Axes           | 3 4 5 6 9 10 12 | 12.4
Dodging        | 1 2 3 4 |  4.7
Stealth        | 1 2 |  2.7

Action                   |  1- 3 |  4- 6 |  7- 9 | 10-12 || total
-------------------------+-------+-------+-------+-------++-------
Melee: War axe           |    88 |   110 |   313 |   206 ||   717
       Headbutt          |    12 |    19 |    57 |    46 ||   134
Invok: Potion Petition   |       |       |       |     3 ||     3
  Use: Potion            |       |     1 |       |     1 ||     2
       Scroll            |       |       |    11 |     1 ||    12
 Stab: Distracted        |       |     1 |     2 |     3 ||     6
  Eat: Meat ration       |       |     1 |       |       ||     1
       Fruit             |       |       |     4 |       ||     4
       Pizza             |       |       |     1 |     7 ||     8
       Bread ration      |       |       |     2 |     1 ||     3
Armor: Scale mail        |    32 |    34 |    80 |    33 ||   179
Dodge: Dodged            |    35 |    26 |    87 |    77 ||   225
Block: Shield            |    43 |    42 |   152 |    82 ||   319
